 Dungeon Crawl Stone Soup version 0.20.1-1-g8b1a95d (webtiles) character file.

145 equalderp2856 the Shield-Bearer (level 5, 0/46 HPs)
             Began as a Minotaur Fighter on Aug 9, 2017.
             Slain by Grinder (3 damage)
             ... on level 3 of the Dungeon.
             The game lasted 00:03:03 (1860 turns).

equalderp2856 the Shield-Bearer (Minotaur Fighter)  Turns: 1860, Time: 00:03:03

Health: 0/46       AC:  7    Str: 25    XL:     5   Next: 6%
Magic:  4/4        EV:  8    Int:  5    God:
Gold:   100        SH: 10    Dex: 11    Spells: 4/4 levels left

rFire    . . .     SeeInvis .   a - +0 war axe
rCold    . . .     Gourm    .   c - +0 shield
rNeg     . . .     Faith    .   b - +0 scale mail
rPois    .         Spirit   .   (helmet restricted)
rElec    .         Reflect  .   (no cloak)
rCorr    .         Harm     .   (no gloves)
MR       .....                  (no boots)
Stlth    ..........             (no amulet)
Regen    0.2/turn               (no ring)
MPRegen  0.1/turn               (no ring)

@: mighty
A: retaliatory headbutt, horns 2
a: no special abilities


You were on level 3 of the Dungeon.
You were not hungry.

You visited 1 branch of the dungeon, and saw 3 of its levels.

You collected 100 gold pieces.

Inventory:

Hand Weapons
 a - a +0 war axe (weapon)
 s - a +0 hunting sling
 w - a +0 club
Missiles
 k - 15 arrows
 t - 66 stones (quivered)
 v - 27 sling bullets
Armour
 b - a +0 scale mail (worn)
 c - a +0 shield (worn)
 j - a cursed -2 scale mail
 x - a +0 animal skin
 y - a +0 robe
Jewellery
 l - a cursed ring of loudness {unknown}
Scrolls
 e - 3 scrolls of teleportation {unknown}
 g - a scroll of magic mapping {unknown}
 h - a scroll of random uselessness {unknown}
 m - a scroll of recharging {unknown}
 n - a scroll of noise {unknown}
 o - a scroll of fear {unknown}
 q - a scroll of identify {unknown}
 C - a scroll of remove curse {unknown}
 D - 2 scrolls of enchant weapon {unknown}
Potions
 d - a potion of might
 i - a potion of haste {unknown}
 u - a potion of magic {unknown}
 z - a potion of flight {unknown}
 A - a potion of invisibility {unknown}
 B - a potion of agility {unknown}
Comestibles
 f - 4 bread rations
 p - a royal jelly
 r - 2 fruits


   Skills:
 + Level 4.1 Fighting
 + Level 4.2 Axes
 + Level 4.2 Armour
 + Level 1.2 Dodging
 + Level 4.8 Shields


You had 4 spell levels left.
You didn't know any spells.

Dungeon Overview and Level Annotations

Branches:
Dungeon (3/15)

Altars:

Annotations:
D:3 Grinder


Innate Abilities, Weirdness & Mutations

You reflexively headbutt those who attack you in melee.
You have a pair of horns on your head.


Message History

* * * LOW HITPOINT WARNING * * *
Unknown command.
You closely miss Grinder. Your headbutt misses Grinder.
Grinder is heavily wounded.
You block Grinder's attack. You block the kobold's attack.
Grinder gestures at you. Pain shoots through your body!
* * * LOW HITPOINT WARNING * * *
Unknown command.
You closely miss Grinder. You headbutt Grinder!
Grinder is severely wounded.
You closely miss the kobold. You block Grinder's attack.
You block the kobold's attack.
Unknown command.
You hit Grinder. Your headbutt misses Grinder.
Grinder is severely wounded.
You closely miss the kobold. Grinder hits you.
* * * LOW HITPOINT WARNING * * *
You writhe in agony.
You die...

#............#
#............#
#...........[#
####.........#
#.........# #
#######'###.#
#.###.#
##.(...####.
#...@......#
#...K5......
#..........#
#..........#
#..........#
#.......$..#
#...........
...........#


You could see Grinder and a kobold.

Vanquished Creatures
  An orc wizard (D:3)
  Robin (D:2)
  An adder (D:3)
  4 worms
  A dart slug (D:3)
  3 leopard geckos
  5 orcs (D:3)
  4 giant cockroaches
  19 goblins
  5 hobgoblins
  4 jackals (D:2)
  7 kobolds
  2 ball pythons (D:3)
  6 bats
  2 frilled lizards
  8 rats
73 creatures vanquished.

Notes
Turn   | Place    | Note
-------+----------+-------------------------------------------
     0 | D:1      | equalderp2856 the Minotaur Fighter began the quest for the Orb.
     0 | D:1      | Reached XP level 1. HP: 19/19 MP: 0/0
    89 | D:1      | Reached XP level 2. HP: 21/27 MP: 1/1
   814 | D:2      | Reached XP level 3. HP: 33/33 MP: 2/2
  1082 | D:2      | Noticed Robin
  1104 | D:2      | Killed Robin
  1104 | D:2      | Reached XP level 4. HP: 35/40 MP: 3/3
  1470 | D:3      | Reached skill level 1 in Dodging
  1726 | D:3      | Reached XP level 5. HP: 46/46 MP: 4/4
  1851 | D:3      | Noticed Grinder
  1860 | D:3      | Slain by Grinder

Skill      XL: |  1  2  3  4 |
---------------+-------------+-----
Fighting       | 4 |  4.1
Axes           | 3 4 |  4.2
Shields        | 4 |  4.8
Armour         | 4 |  4.2
Dodging        | 1 |  1.2

Action                   |  1- 3 |  4- 6 || total
-------------------------+-------+-------++-------
Melee: War axe           |    81 |    66 ||   147
       Headbutt          |     9 |    12 ||    21
  Use: Potion            |       |     1 ||     1
  Eat: Chunk             |       |     3 ||     3
Armor: Scale mail        |    37 |    39 ||    76
Dodge: Dodged            |    26 |    35 ||    61
Block: Shield            |    55 |    55 ||   110
